 Dungeon Crawl Stone Soup version 0.16-a0-148-g3b84123 (webtiles) character file.

120 Qrupt the Grave Robber (level 5, -3/35 HPs)
             Began as a Human Necromancer on Aug 16, 2014.
             Slain by a gnoll
             ... wielding a +0 club
              (5 damage)
             ... on Level 2 of the Dungeon.
             The game lasted 00:08:25 (2260 turns).

Qrupt the Grave Robber (Human Necromancer)          Turns: 2260, Time: 00:08:25

HP  -3/35        AC  5     Str  9      XL: 5   Next: 25%
MP   0/11        EV 12     Int 16      God:
Gold 43          SH  0     Dex 13      Spells:  4 memorised,  2 levels left

rFire  . . .     SeeInvis .     l - +3 short sword
rCold  . . .     Clarity  .     h - +0 robe
rNeg   + . .     rCorr    .     (no shield)
rPois  .         rRot     .     e - +0 helmet (curse)
rElec  .         Spirit   .     (no cloak)
SustAb .         Warding  +     (no gloves)
rMut   .         Stasis   .     g - +1 pair of boots
Gourm  .                        k - amulet of warding
MR     .....                    (no ring)
                                (no ring)

@: very slightly contaminated, not resistant to hostile enchantments, unstealthy
A: no striking features
a: no special abilities


You were on level 2 of the Dungeon.
You were hungry.

You visited 1 branch of the dungeon, and saw 2 of its levels.

You collected 43 gold pieces.

Inventory:

Hand weapons
 l - a +3 short sword (weapon)
Armour
 e - a cursed +0 helmet (worn)
 g - a +1 pair of boots (worn)
 h - a +0 robe (worn)
Comestibles
 c - a bread ration
 i - 2 meat rations
 m - a chunk of gnoll flesh
Scrolls
 d - 2 scrolls of teleportation {unknown}
 f - a scroll of magic mapping {unknown}
Jewellery
 k - an amulet of warding (around neck)
Books
 b - a book of Necromancy

   Spells                             Type                      Level
   *Pain                              Necromancy                   1
   *Animate Skeleton                  Necromancy                   1
   *Vampiric Draining                 Necromancy                   3
   *Regeneration                      Charms/Necromancy            3
   Animate Dead                       Necromancy                   4
   Control Undead                     Necromancy                   4


   Skills:
 - Level 2.0 Dodging
 - Level 2.0 Stealth
 + Level 3.4 Spellcasting
 + Level 1.1 Charms
 + Level 5.1 Necromancy


You had 2 spell levels left.
You knew the following spells:

 Your Spells              Type           Power        Failure   Level  Hunger
a - Pain                  Necr           ###.         2%          1    None
b - Animate Skeleton      Necr           N/A          2%          1    None
c - Regeneration          Chrm/Necr      ##........   17%         3    ###....
d - Vampiric Draining     Necr           ###.......   10%         3    ###....


Dungeon Overview and Level Annotations

Branches:
Dungeon (2/15)

Altars:


Message History

Confirm with . or Enter, or press ? or * to list all spells.
Aiming: Pain
Press: ? - help, Shift-Dir - straight line, f/p - gnoll
Aim: a gnoll, wielding a club (moderately wounded)
The gnoll barely resists.
Casting: Pain
Confirm with . or Enter, or press ? or * to list all spells.
Aiming: Pain
Press: ? - help, Shift-Dir - straight line, f/p - gnoll
Aim: a gnoll, wielding a club (moderately wounded)
The gnoll convulses in agony!
The gnoll closely misses you.
Casting: Pain
Confirm with . or Enter, or press ? or * to list all spells.
Aiming: Vampiric Draining
Press: ? - help, Shift-Dir - straight line, f/p - gnoll
Aim: a gnoll, wielding a club (heavily wounded)
You miscast Vampiric Draining.
You are very lightly contaminated with residual magic.
Nothing appears to happen.
The gnoll hits you with a club.
You die...

≈≈≈## #.# #.....# #....
≈≈≈≈###.#####.###.########.
#.)# ≈≈≈≈#.........#
#.......... #..#
≈..≈#.#######.###.#########
#..## ...##.# #.....# #....
...#..# ###.######## #)###
..##.## #.##.....######.###
.##..# #.##.###...........
.#..## #<@g.# #.######....
.#.## ####.###.# ##### .#.#
#.....# ...# ####### ####


You could see a gnoll.

Vanquished Creatures
  Jessica (D:2)
  6 gnolls
  2 adders
  A goblin (D:1)
  2 hobgoblins (D:1)
  2 jackals (D:1)
  6 kobolds (D:1)
  A quokka (D:2)
  2 bats (D:2)
  3 giant newts (D:1)
  5 rats
31 creatures vanquished.

Notes
Turn   | Place    | Note
--------------------------------------------------------------
     0 | D:1      | Qrupt, the Human Necromancer, began the quest for the Orb.
     0 | D:1      | Reached XP level 1. HP: 13/13 MP: 3/3
   439 | D:1      | Reached XP level 2. HP: 14/19 MP: 4/4
   800 | D:1      | Reached XP level 3. HP: 16/24 MP: 0/6
  1330 | D:2      | Noticed Jessica
  1334 | D:2      | Killed Jessica
  1431 | D:2      | Reached XP level 4. HP: 22/30 MP: 2/9
  1556 | D:2      | Learned a level 1 spell: Animate Skeleton
  1560 | D:2      | Learned a level 3 spell: Regeneration
  1564 | D:2      | Learned a level 3 spell: Vampiric Draining
  1830 | D:2      | Reached XP level 5. HP: 30/35 MP: 4/11
  2126 | D:2      | Reached skill level 5 in Necromancy
  2179 | D:2      | Reached skill level 1 in Charms
  2260 | D:2      | Slain by a gnoll

Action                   |  1- 3 |  4- 6 || total
-------------------------+-------+-------++-------
Melee: Unarmed           |    22 |       ||    22
       Dagger            |       |     1 ||     1
       Short sword       |       |    12 ||    12
 Cast: Pain              |    39 |    40 ||    79
  Use: Potion            |     1 |     2 ||     3
       Scroll            |     1 |       ||     1
  Eat: Beef jerky        |     1 |     1 ||     2
       Chunk             |       |     1 ||     1
